[Event "Early-Titled-Tuesday-Blitz-May-28-2024"]
[Site "Chess.com"]
[Date "2024.05.28"]
[Round "8"]
[White "juancruzarias"]
[Black "Bilan_Danila"]
[Result "1-0"]
[WhiteElo "2684"]
[BlackElo "2540"]
[TimeControl "180+1"]
[EndTime "9:27:43 PDT"]
[Termination "juancruzarias won by resignation"]

1. d4 d5 2. c4 c6 3. Nf3 Nf6 4. g3 Bf5 5. Nc3 e6 6. Qb3 Qb6 7. c5 Qxb3 8. axb3 a6 9. b4 Nbd7 10. b5 cxb5 11. Nxb5 Rc8 12. Nc3 Ne4 13. Nh4 Nxc3 14.
bxc3 Be4 15. f3 Bg6 16. Nxg6 hxg6 17. e4 dxe4 18. fxe4 e5 19. Be3 Be7 20. Bc4 O-O 21.
O-O Nxc5 22. dxc5 Bxc5 23. Bxc5 Rxc5 24. Bd5 Rxc3 25. Bxb7 Rb8 26. Bd5 Rc2 27. Rxf7 Kh7 28. Rf2 Rcb2 29. Rxb2 Rxb2 30. Ra2 Rb1+ 31. Kg2 1-0

[Event "Early-Titled-Tuesday-Blitz-May-28-2024"]
[Site "Chess.com"]
[Date "2024.05.28"]
[Round "8"]
[White "Kostya0705"]
[Black "GM_Huschenbeth"]
[Result "1-0"]
[WhiteElo "2597"]
[BlackElo "2487"]
[TimeControl "180+1"]
[EndTime "9:27:50 PDT"]
[Termination "Kostya0705 won by resignation"]

1. e4 c5 2. Nf3 d6 3. d4 cxd4 4. Nxd4 Nf6 5. Nc3 a6 6. h4 e5 7. Nb3 Be7 8. Bg5 Be6 9. Bxf6 Bxf6 10. g3 Be7 11. Qd3 Nd7 12. O-O-O Nf6 13. f4 b5 14. f5 Bc4 15. Qf3 h5 16. Kb1 Rc8 17. Bxc4 Rxc4 18. Rhe1 Qc7 19. Re2 O-O 20. Nd5 Nxd5 21. Rxd5 Rc8 22. Rdd2 d5 23. exd5 e4 24. Qf2 Qe5 25. Rd4 e3 26. Qxe3 Qxe3 27. Rxe3 Bc5 28. Rxc4 bxc4 29.
Nxc5 Rxc5 30. Re8+ Kh7 31. Rd8 g6 32. b4 cxb3 33.
axb3 gxf5 34. c4 Kg6 35. d6 Kf6 36. Re8 1-0

[Event "Early-Titled-Tuesday-Blitz-May-28-2024"]
[Site "Chess.com"]
[Date "2024.05.28"]
[Round "8"]
[White "HamedWafa4"]
[Black "Mikhail_Golubev"]
[Result "1-0"]
[WhiteElo "2782"]
[BlackElo "2631"]
[TimeControl "180+1"]
[EndTime "9:27:51 PDT"]
[Termination "HamedWafa4 won on time"]

1. e4 c5 2. Nc3 d6 3. Nf3 Nc6 4. d4 cxd4 5. Nxd4 g6 6. Be3 Bg7 7. f3 Nf6 8. Qd2 O-O 9. O-O-O Bd7 10. g4 Rc8 11. h4 h5 12. gxh5 Nxh5 13. Rg1 Ne5 14.
f4 Ng4 15. Be2 Nxe3 16. Qxe3 Qa5 17. f5 gxf5 18. Bxh5 f4 19. Qf3 Rxc3 20. Qxc3 1-0

[Event "Early-Titled-Tuesday-Blitz-May-28-2024"]
[Site "Chess.com"]
[Date "2024.05.28"]
[Round "8"]
[White "alreadybroken23"]
[Black "DeyanKostov"]
[Result "1-0"]
[WhiteElo "2602"]
[BlackElo "2446"]
[TimeControl "180+1"]
[EndTime "9:27:52 PDT"]
[Termination "alreadybroken23 won by checkmate"]

1. e4 c5 2. Nf3 e6 3. d4 cxd4 4. Nxd4 Nc6 5. Nc3 Qc7 6. Be3 a6 7. Qd2 Nf6 8. f3 Be7 9. O-O-O d6 10. g4 Nxd4 11. Bxd4 b5 12. h4 e5 13. Be3 Be6 14.
a3 Rc8 15. Kb1 Nd7 16. Rh2 Nb6 17. Bxb6 Qxb6 18. Nd5 Bxd5 19. Qxd5 O-O 20. Qd2 Rc7 21. h5 Rfc8 22. Bd3 a5 23. g5 b4 24. a4 b3 25. c3 Rc5 26. g6 fxg6 27. hxg6 h6 28.
Rxh6 Bf6 29. Bc4+ Kf8 30. Rh8+ Ke7 31. Rxc8 Rxc8 32. Qd5 Qf2 33. Qf7+ Kd8 34. Rxd6# 1-0

[Event "Early-Titled-Tuesday-Blitz-May-28-2024"]
[Site "Chess.com"]
[Date "2024.05.28"]
[Round "8"]
[White "Kildepiotr"]
[Black "mangochessgo"]
[Result "0-1"]
[WhiteElo "2732"]
[BlackElo "2624"]
[TimeControl "180+1"]
[EndTime "9:27:54 PDT"]
[Termination "mangochessgo won by resignation"]

1. Nf3 Nf6 2. g3 b6 3. Bg2 Bb7 4. O-O g6 5. c4 Bg7 6. Nc3 O-O 7. d3 d6 8. e4 c5 9. Ne1 Nc6 10. f4 Nd4 11. Ne2 Ng4 12. Nc2 Nxc2 13. Qxc2 f5 14. h3 Nf6 15. e5 Bxg2 16. exf6 Bxf1 17. fxg7 Kxg7 18. Kxf1 e5 19. Nc3 Qd7 20. Nd5 Rae8 21. Qd2 h5 22. fxe5 f4 23. gxf4 Qxh3+ 24. Kg1 Rxe5 25. Qc3 Kh7 26. Bd2 Re2 0-1

[Event "Early-Titled-Tuesday-Blitz-May-28-2024"]
[Site "Chess.com"]
[Date "2024.05.28"]
[Round "8"]
[White "MikeWizard"]
[Black "rionelG"]
[Result "0-1"]
[WhiteElo "2020"]
[BlackElo "2309"]
[TimeControl "180+1"]
[EndTime "9:27:54 PDT"]
[Termination "rionelG won by resignation"]

1. d4 Nf6 2. c4 g6 3. Nc3 Bg7 4. e4 d6 5. h3 O-O 6. Be3 e5 7. d5 a5 8. g4 Na6 9. Nge2 Nc5 10. Ng3 c6 11. Qd2 cxd5 12. cxd5 a4 13. Bb5 Qa5 14.
O-O Bd7 15. Bxd7 Nfxd7 16. Bh6 Bxh6 17. Qxh6 a3 18. Qd2 axb2 19. Qxb2 Nd3 20. Qb3 N7c5 21. Qc4 Nb2 22. Qe2 Qxc3 23. Rfc1 Qa3 24. Rc2 Nbd3 25. Nf1 Nf4 26. Qe3 Nxh3+ 27. Kh2 Qxe3 28. Nxe3 Ng5 29.
Nc4 Rfd8 30. f3 Nxf3+ 31. Kg3 Nd4 32. Rb2 Nxe4+ 0-1

[Event "Early-Titled-Tuesday-Blitz-May-28-2024"]
[Site "Chess.com"]
[Date "2024.05.28"]
[Round "8"]
[White "Kunalm64"]
[Black "CarlosAlbornoz"]
[Result "0-1"]
[WhiteElo "2676"]
[BlackElo "2848"]
[TimeControl "180+1"]
[EndTime "9:28:02 PDT"]
[Termination "CarlosAlbornoz won by resignation"]

1. e4 c6 2. d4 d5 3. Nd2 dxe4 4. Nxe4 Nf6 5. Nxf6+ exf6 6. c3 Bd6 7. Bd3 O-O 8. Ne2 Re8 9. O-O Nd7 10. Qc2 Nf8 11. Bd2 Qc7 12. h3 Be6 13. Rfe1 Ng6 14. c4 Rad8 15.
Nc3 Bh2+ 16. Kh1 Rxd4 17. Be3 Rd7 18. Ne4 Bf4 19. Nc5 Rde7 20. Bxg6 hxg6 21. Bxf4 Qxf4 22. Re4 Qf5 23. b4 b6 24. Nb3 Bd5 25. cxd5 Rxe4 26. Qd2 Qxd5 0-1

[Event "Early-Titled-Tuesday-Blitz-May-28-2024"]
[Site "Chess.com"]
[Date "2024.05.28"]
[Round "8"]
[White "SuperGPatzer"]
[Black "klercaku"]
[Result "0-1"]
[WhiteElo "2059"]
[BlackElo "2275"]
[TimeControl "180+1"]
[EndTime "9:28:02 PDT"]
[Termination "klercaku won by checkmate"]

1. g4 d5 2. h3 e5 3. d4 exd4 4. Qxd4 c5 5. Qe5+ Be7 6. e4 Nc6 7. Bb5 Qa5+ 8. Nc3 d4 9. Bxc6+ bxc6 10. Bd2 dxc3 11. Bxc3 Qd8 12. Rd1 Bd7 13. Qxg7 Bf6 14. Rxd7 Kxd7 15. Qxf7+ Qe7 16. Qc4 Bxc3+ 17. bxc3 Nf6 18.
f3 Rab8 19. Kf2 Rb1 20. Rh2 Rf8 21. g5 Nxe4+ 22. Kg2 Qxg5+ 23. Kh1 Qxg1# 0-1

[Event "Early-Titled-Tuesday-Blitz-May-28-2024"]
[Site "Chess.com"]
[Date "2024.05.28"]
[Round "8"]
[White "LileKoridze"]
[Black "bazar-wokzal"]
[Result "0-1"]
[WhiteElo "2444"]
[BlackElo "2585"]
[TimeControl "180+1"]
[EndTime "9:28:04 PDT"]
[Termination "bazar-wokzal won by resignation"]

1. d4 Nf6 2. c4 Nc6 3. Nc3 e5 4. dxe5 Nxe5 5. e3 Bb4 6. Bd2 O-O 7. h3 d5 8. cxd5 Bf5 9. Nf3 Nd3+ 10. Bxd3 Bxd3 11. Qb3 Bxc3 12. Bxc3 Qxd5 13. Qb4 c5 14.
Qh4 Ne4 15. Rd1 Rad8 16. Qg4 Nxc3 17. bxc3 Qxa2 18. Ne5 Ba6 19. Nd7 Qc2 20. Rd2 Qxc3 21. Qd1 0-1

[Event "Early-Titled-Tuesday-Blitz-May-28-2024"]
[Site "Chess.com"]
[Date "2024.05.28"]
[Round "8"]
[White "Keithonsky"]
[Black "MarkusRagger"]
[Result "0-1"]
[WhiteElo "2640"]
[BlackElo "2807"]
[TimeControl "180+1"]
[EndTime "9:28:06 PDT"]
[Termination "MarkusRagger won by resignation"]

1. d4 Nf6 2. c4 g6 3. Nc3 d5 4. e3 Bg7 5. Qb3 e6 6. Qa3 Nc6 7. Bd2 a5 8. Rc1 Bd7 9. cxd5 exd5 10. Nb5 Ne4 11. Nf3 Bf8 12. Qb3 Be6 13. Bd3 Nxd2 14. Nxd2 Bb4 15. a3 Bxd2+ 16. Kxd2 O-O 17. h4 a4 18. Qd1 Rc8 19. h5 Qf6 20. f4 Na5 21.
Qxa4 Nc4+ 22. Bxc4 dxc4 23. Nc3 c5 24. d5 Bxd5 25. Nxd5 Rfd8 26. e4 Qd4+ 27. Ke2 Qxe4+ 28. Ne3 Rd3 29. Rh3 Re8 30. Rc3 Qxg2+ 31. Ke1 Rexe3+ 32. Rxe3 Qg1+ 33. Ke2 Qxe3+ 34. Kf1 Qxf4+ 35. Ke2 Qe4+ 36. Kf1 Qh1+ 37. Ke2 Qxh5+ 38. Kf2 Qh2+ 0-1

[Event "Early-Titled-Tuesday-Blitz-May-28-2024"]
[Site "Chess.com"]
[Date "2024.05.28"]
[Round "8"]
[White "IndianSchoolOfSuffering"]
[Black "jbking07"]
[Result "1-0"]
[WhiteElo "2530"]
[BlackElo "2375"]
[TimeControl "180+1"]
[EndTime "9:28:08 PDT"]
[Termination "IndianSchoolOfSuffering won by resignation"]

1. d4 d5 2. c4 e6 3. Nf3 Nf6 4. g3 Be7 5. Bg2 O-O 6. O-O dxc4 7. Qc2 c5 8. dxc5 Bxc5 9. Qxc4 Bb6 10. Rd1 Qe7 11.
Nc3 Nc6 12. Bf4 e5 13. Bg5 Be6 14. Qh4 h6 15. Bxf6 Qxf6 16. Qxf6 gxf6 17. Nd5 Bxd5 18. Rxd5 Rfd8 19. Rad1 Rxd5 20. Rxd5 Rd8 21. Nd2 Rxd5 22. Bxd5 Kf8 23. e3 f5 24. Kg2 Ke7 25. Nc4 Bc7 26.
a3 b5 27. Nd2 Nb8 28. f4 f6 29. Nf3 Kd6 30. Ba2 Bb6 31. Nh4 Kd7 32. Nxf5 Bxe3 33. Nxe3 1-0

[Event "Early-Titled-Tuesday-Blitz-May-28-2024"]
[Site "Chess.com"]
[Date "2024.05.28"]
[Round "8"]
[White "ahkashefi2800"]
[Black "Statham_01"]
[Result "1-0"]
[WhiteElo "2564"]
[BlackElo "2696"]
[TimeControl "180+1"]
[EndTime "9:28:12 PDT"]
[Termination "ahkashefi2800 won on time"]

1. d4 Nf6 2. Nf3 d5 3. e3 e6 4.
Bd3 c5 5. c3 b6 6. Ne5 Nbd7 7. f4 Bb7 8. Nd2 Bd6 9. O-O O-O 10. Qf3 Re8 11. g4 Nf8 12. g5 Bxe5 13. fxe5 N6d7 14. Qxf7+ Kh8 15. Qh5 g6 16. Qh6 Qe7 17.
Nf3 Qg7 18. Bd2 c4 19. Bc2 b5 20. Rf2 a5 21. Raf1 Qxh6 22. gxh6 Nb6 23. Ng5 Nfd7 24.
Rf7 Rf8 25. Rxh7+ Kg8 26. Rg7+ Kh8 27. Rff7 Rg8 28. Bxg6 1-0

[Event "Early-Titled-Tuesday-Blitz-May-28-2024"]
[Site "Chess.com"]
[Date "2024.05.28"]
[Round "8"]
[White "Franmu14"]
[Black "AlbusSevresPotter"]
[Result "0-1"]
[WhiteElo "2703"]
[BlackElo "2567"]
[TimeControl "180+1"]
[EndTime "9:28:15 PDT"]
[Termination "AlbusSevresPotter won by checkmate"]

1. e4 c5 2. Nc3 a6 3. d4 cxd4 4. Qxd4 Nc6 5. Qe3 e6 6. b3 Nf6 7. Bb2 d5 8. exd5 Nxd5 9. Nxd5 Qxd5 10. Ne2 Nb4 11. Qd2 Bc5 12. a3 Bxf2+ 13. Kd1 Qxd2+ 14. Kxd2 Nd5 15. Bxg7 Rg8 16. Bd4 Bh4 17. c4 Bg5+ 18.
Kc2 Ne3+ 19. Bxe3 Bxe3 20. g3 e5 21. Bg2 Bf5+ 22. Kb2 O-O-O 23. Rad1 Bg4 24. Rxd8+ Rxd8 25. Nc3 Rd2+ 26. Ka1 Bd4 27. Rc1 Rd1 28. Kb1 Rxc1+ 29. Kxc1 Bxc3 30. b4 Kc7 31. Kc2 Bd4 32. c5 b6 33.
cxb6+ Kxb6 34. Kd3 f5 35. Kc4 Bh5 36. Kd5 Bf7+ 37.
Kd6 e4 38. Bh3 e3 39. Bf1 Bh5 40. Ke6 e2 41. Bxe2 Bxe2 42. Kxf5 Kb5 43. g4 Ka4 44. h4 Kxa3 45. g5 Kxb4 46. h5 Bxh5 47. g6 Bxg6+ 48.
Kg5 a5 49. Kf4 a4 50. Kg4 a3 51. Kg5 a2 52. Kh6 a1=Q 53. Kg5 Qc1+ 54. Kg4 h5+ 55. Kg3 Qe3+ 56. Kh4 Qf2+ 57. Kh3 Bf5# 0-1

[Event "Early-Titled-Tuesday-Blitz-May-28-2024"]
[Site "Chess.com"]
[Date "2024.05.28"]
[Round "8"]
[White "Actuary44"]
[Black "theoneandonlydaaevik"]
[Result "0-1"]
[WhiteElo "2468"]
[BlackElo "2606"]
[TimeControl "180+1"]
[EndTime "9:28:15 PDT"]
[Termination "theoneandonlydaaevik won by checkmate"]

1. e4 c5 2. d4 cxd4 3. c3 d3 4. Bxd3 Nc6 5. f4 g6 6. Nf3 Bg7 7. O-O d6 8. Kh1 Nf6 9. Be3 Ng4 10. Bg1 h5 11. Nbd2 Bd7 12. Ng5 Bh6 13. Ndf3 f6 14.
Nh3 e5 15. f5 gxf5 16. exf5 Ne7 17. Nh4 Bc6 18. Nf2 Rg8 19. h3 Bg5 20. Ng6 Bxg2+ 21. Kxg2 Ne3+ 22. Kf3 Nxd1 23. Raxd1 d5 24. Bb5+ Kf7 25.
h4 Nxf5 26. Nxe5+ fxe5 27. hxg5 Qxg5 28. Rxd5 Qe3# 0-1

[Event "Early-Titled-Tuesday-Blitz-May-28-2024"]
[Site "Chess.com"]
[Date "2024.05.28"]
[Round "8"]
[White "Glidzhian_Gor"]
[Black "lamomiajunior"]
[Result "0-1"]
[WhiteElo "2554"]
[BlackElo "2727"]
[TimeControl "180+1"]
[EndTime "9:28:16 PDT"]
[Termination "lamomiajunior won on time"]

1. d4 Nf6 2. Bg5 c5 3. d5 d6 4.
Nc3 Nbd7 5. e4 g6 6. f4 Bg7 7. Nf3 O-O 8. e5 Ne8 9. Qe2 f6 10. exf6 exf6 11. Bh4 Nc7 12. O-O-O a6 13. Ne4 Ne8 14.
g4 b5 15. Bg3 Nb6 16. f5 Ra7 17. fxg6 hxg6 18. Nh4 f5 19. gxf5 gxf5 20. Nf2 f4 21. Kb1 Qf6 22. c3 fxg3 23. hxg3 Qxf2 24. Qh5 Qf7 25. Ng6 Qf5+ 26. Bd3 Qxh5 27. Rxh5 Bg4 28. Nxf8 Bxh5 29. Rh1 Bf3 30. Rf1 Rf7 31. Ne6 Be4 32. Rd1 Rf1 0-1

[Event "Early-Titled-Tuesday-Blitz-May-28-2024"]
[Site "Chess.com"]
[Date "2024.05.28"]
[Round "8"]
[White "MaiqMaster"]
[Black "DishonorOnYourCow"]
[Result "0-1"]
[WhiteElo "2466"]
[BlackElo "2590"]
[TimeControl "180+1"]
[EndTime "9:28:19 PDT"]
[Termination "DishonorOnYourCow won by resignation"]

1. e4 c5 2. Nc3 d6 3. d4 cxd4 4.
Qxd4 Nc6 5. Qd2 g6 6. b3 Bg7 7.
Bb2 Nf6 8. O-O-O O-O 9. f3 Qa5 10. Kb1 Bd7 11. g4 Rfc8 12. h4 Bxg4 13. fxg4 Nxe4 14. Nxe4 Nb4 15. a3 Rxc2 16. Qxb4 Rxb2+ 17. Kc1 Rc8+ 18. Bc4 Rxc4+ 19. Qxc4 Qxa3 20. Qa4 Rb1+ 21. Kd2 Qb2+ 22. Ke1 Bc3+ 23. Nxc3 Qxc3+ 24. Ke2 Rb2+ 25.
Kf1 Qf6+ 0-1

[Event "Early-Titled-Tuesday-Blitz-May-28-2024"]
[Site "Chess.com"]
[Date "2024.05.28"]
[Round "8"]
[White "Lion-Al-Messi"]
[Black "janhelmer03"]
[Result "1-0"]
[WhiteElo "2622"]
[BlackElo "2391"]
[TimeControl "180+1"]
[EndTime "9:28:21 PDT"]
[Termination "Lion-Al-Messi won by resignation"]

1. e4 c5 2. Nf3 d6 3. d4 cxd4 4. Nxd4 Nf6 5. Nc3 g6 6. Be2 Bg7 7. O-O O-O 8. Be3 Nc6 9. h3 Nxd4 10. Bxd4 Be6 11. Qd2 a6 12. f4 b5 13. f5 Bd7 14.
a3 Bc6 15. Bf3 Qd7 16. Rae1 a5 17. b4 axb4 18. axb4 Rfc8 19. g4 Bb7 20. g5 Ne8 21. f6 exf6 22. Bg4 f5 23. exf5 Bxd4+ 24. Qxd4 Qc6 25. Ne4 Qxc2 26. fxg6 hxg6 27. Bxc8 Rxc8 28. Rf2 Qb3 29. Kh2 Rc2 30. Nd2 Ng7 31. Nxb3 1-0

[Event "Early-Titled-Tuesday-Blitz-May-28-2024"]
[Site "Chess.com"]
[Date "2024.05.28"]
[Round "8"]
[White "subham777"]
[Black "djokovic74"]
[Result "1-0"]
[WhiteElo "2574"]
[BlackElo "2731"]
[TimeControl "180+1"]
[EndTime "9:28:22 PDT"]
[Termination "subham777 won by resignation"]

1. e4 e6 2. Nf3 d5 3. Nc3 Nf6 4. e5 Nfd7 5. d4 c5 6. dxc5 Nc6 7. Bf4 Bxc5 8. Bd3 f6 9. exf6 Nxf6 10. Qe2 O-O 11.
O-O-O Bd7 12. Kb1 a6 13. Ne5 Nxe5 14. Bxe5 b5 15. g4 Qe8 16. g5 Nh5 17. g6 Nf4 18. gxh7+ Kh8 19. Qg4 Qf7 20. Rdg1 Nh5 21. Qxh5 Be7 22.
Bxg7+ Qxg7 23. Rxg7 Kxg7 24. Rg1+ Kh8 25. Rg8+ Rxg8 26.
hxg8=Q+ Kxg8 27. Qh7+ Kf8 28. Qh8+ Kf7 29. Qxa8 1-0

[Event "Early-Titled-Tuesday-Blitz-May-28-2024"]
[Site "Chess.com"]
[Date "2024.05.28"]
[Round "8"]
[White "KatakuriDono"]
[Black "unbreakablepawn35"]
[Result "1-0"]
[WhiteElo "2276"]
[BlackElo "2362"]
[TimeControl "180+1"]
[EndTime "9:28:22 PDT"]
[Termination "KatakuriDono won by resignation"]

1. d4 Nf6 2. Nf3 g6 3. Nbd2 Bg7 4. e4 d6 5. Bd3 O-O 6. O-O Nbd7 7.
Re1 e5 8. c3 c6 9. b3 Re8 10. a4 Nh5 11. Ba3 Nf8 12. Nc4 d5 13.
Ncxe5 f6 14. exd5 cxd5 15. Bb5 Re6 16. Ng4 a6 17. Bf1 Nf4 18. Ne3 Re8 19. c4 dxc4 20.
bxc4 Bd7 21. Rb1 Qa5 22. Rxb7 Bc6 23. Rb1 Bxf3 24. Qxf3 Qxa4 25. Bxf8 1-0

[Event "Early-Titled-Tuesday-Blitz-May-28-2024"]
[Site "Chess.com"]
[Date "2024.05.28"]
[Round "8"]
[White "luca_va99"]
[Black "Cheer_Down"]
[Result "0-1"]
[WhiteElo "2205"]
[BlackElo "2460"]
[TimeControl "180+1"]
[EndTime "9:28:25 PDT"]
[Termination "Cheer_Down won by resignation"]

1. d4 Nf6 2. c4 g6 3. Nc3 d5 4. Nf3 Bg7 5. Bg5 Ne4 6. cxd5 Nxg5 7. Nxg5 e6 8. h4 h6 9. Nf3 exd5 10. Qb3 c6 11.
O-O-O a5 12. e4 a4 13. Qc2 O-O 14. e5 a3 15. b3 Na6 16. Na4 Nb4 17. Qd2 Rxa4 18.
bxa4 Qa5 19. Ne1 Bf5 20. Nd3 Bxd3 21. Bxd3 c5 22. f4 c4 23. Bc2 c3 24. Qd3 Nxa2+ 25. Kb1 Qb4+ 0-1

[Event "Early-Titled-Tuesday-Blitz-May-28-2024"]
[Site "Chess.com"]
[Date "2024.05.28"]
[Round "8"]
[White "Shivananda1964"]
[Black "IMRosen"]
[Result "0-1"]
[WhiteElo "2398"]
[BlackElo "2718"]
[TimeControl "180+1"]
[EndTime "9:28:27 PDT"]
[Termination "IMRosen won by resignation"]

1. e4 e5 2. Nf3 Nf6 3. Nxe5 Nc6 4. Nc4 Nxe4 5. d4 d5 6. Ne3 Qf6 7. f3 Qh4+ 8. g3 Nxg3 9. hxg3 Qxh1 10. Nxd5 Bh3 11. Qe2+ Kd7 12. Be3 Re8 13. Nd2 Bxf1 14. Nxf1 Nxd4 15. Qc4 Bb4+ 16. Qxb4 Nxc2+ 17. Kd2 Nxb4 18. Nxb4 Qxf3 19. Nc2 Kc8 20. Re1 Re6 21. Nd4 Rd8 0-1

[Event "Early-Titled-Tuesday-Blitz-May-28-2024"]
[Site "Chess.com"]
[Date "2024.05.28"]
[Round "8"]
[White "Iball95"]
[Black "Malev212"]
[Result "1-0"]
[WhiteElo "2846"]
[BlackElo "2647"]
[TimeControl "180+1"]
[EndTime "9:28:32 PDT"]
[Termination "Iball95 won on time"]

1. e4 e5 2. Nf3 Nc6 3. Nc3 g6 4. d4 exd4 5. Nxd4 Bg7 6. Nxc6 bxc6 7. Bc4 Ne7 8. O-O O-O 9. Be3 d6 10. Bd4 Be6 11. Bb3 c5 12. Bxg7 Kxg7 13. f4 Bxb3 14. axb3 f6 15. Ra6 Qc8 16. Qd3 Qb7 17. Rfa1 Rfe8 18.
h3 f5 19. e5 dxe5 20. fxe5 Rad8 21. Qe3 Nd5 22. Qxc5 Nf4 23. Qf2 g5 24. Rxa7 Qb4 25. Rxc7+ 1-0

[Event "Early-Titled-Tuesday-Blitz-May-28-2024"]
[Site "Chess.com"]
[Date "2024.05.28"]
[Round "8"]
[White "Aguiar94"]
[Black "elcala"]
[Result "1-0"]
[WhiteElo "2672"]
[BlackElo "1994"]
[TimeControl "180+1"]
[EndTime "9:28:33 PDT"]
[Termination "Aguiar94 won by resignation"]

1. e4 d5 2. exd5 Qxd5 3. Nc3 Qd6 4. d4 Nf6 5. Nf3 a6 6. Ne5 Nc6 7. Bf4 Nxe5 8. dxe5 Qxd1+ 9. Rxd1 Nh5 10. Be3 c6 11.
Be2 g6 12. Na4 Ng7 13. Nb6 Rb8 14. O-O Bf5 15. c4 Rd8 16. Rxd8+ Kxd8 17. Rd1+ Kc7 18.
g4 Be6 19. b4 Ne8 20. Na8+ Kc8 21. Bb6 Bd7 22. Ba5 Ng7 23. Nb6+ 1-0

[Event "Early-Titled-Tuesday-Blitz-May-28-2024"]
[Site "Chess.com"]
[Date "2024.05.28"]
[Round "8"]
[White "mostafa_sakha"]
[Black "jamesaltucher"]
[Result "1-0"]
[WhiteElo "2297"]
[BlackElo "2055"]
[TimeControl "180+1"]
[EndTime "9:28:37 PDT"]
[Termination "mostafa_sakha won by resignation"]

1. d4 Nf6 2. c4 g6 3. Nc3 Bg7 4. e4 d6 5. Nf3 O-O 6. Be2 e5 7. O-O Nc6 8. d5 Ne7 9. Ne1 Nd7 10. Be3 f5 11. f3 f4 12. Bf2 g5 13. Nd3 Rf6 14. c5 Rh6 15. c6 bxc6 16. dxc6 Nxc6 17. Nd5 Kh8 18. Rc1 Nd4 19. Rxc7 Nb6 20. Bxd4 Nxd5 21. Rc1 exd4 22. exd5 Qe8 23. Rf2 Qh5 24. h3 Bxh3 25. gxh3 Qxh3 26. Rg2 Re8 27. Nf2 Qh4 28. Bd3 Rf6 29. Qa4 Rff8 30. Ne4 h5 31. Rh2 1-0

[Event "Early-Titled-Tuesday-Blitz-May-28-2024"]
[Site "Chess.com"]
[Date "2024.05.28"]
[Round "8"]
[White "GambitGiesbergen"]
[Black "NowInChess"]
[Result "1-0"]
[WhiteElo "2355"]
[BlackElo "2228"]
[TimeControl "180+1"]
[EndTime "9:28:38 PDT"]
[Termination "GambitGiesbergen won on time"]

1. h4 d5 2. Nf3 Nf6 3. c4 dxc4 4. e3 Bg4 5. Bxc4 e6 6. Nc3 Nbd7 7. b3 Be7 8. Be2 c5 9. Bb2 a6 10. d3 Rc8 11. a3 Qa5 12. Kf1 b5 13. Qc2 Qc7 14.
Nb1 Nb6 15. Nbd2 Nbd5 16. Rc1 Qd7 17. Qb1 Nb6 18. Kg1 a5 19. Ne5 Bxe2 20. Nxd7 Nbxd7 21.
f3 Nd5 22. Kf2 Bf6 23. Kxe2 Bxb2 24. Qxb2 N7f6 25. Ne4 a4 26. bxa4 bxa4 27. Nd6+ Ke7 28. Nxc8+ Rxc8 29. Rb1 1-0

[Event "Early-Titled-Tuesday-Blitz-May-28-2024"]
[Site "Chess.com"]
[Date "2024.05.28"]
[Round "8"]
[White "TheoSlade"]
[Black "xasid81"]
[Result "0-1"]
[WhiteElo "2450"]
[BlackElo "2591"]
[TimeControl "180+1"]
[EndTime "9:28:39 PDT"]
[Termination "xasid81 won by resignation"]

1. d4 a6 2. e4 e6 3. Nf3 d5 4. e5 c5 5. c3 Nc6 6. Be2 f6 7. Nh4 fxe5 8. dxe5 Nxe5 9. Nf3 Nxf3+ 10. Bxf3 Nf6 11.
O-O Bd6 12. Bg5 O-O 13. Nd2 h6 14. Bh4 Qc7 15. Bg3 e5 16. Re1 e4 17. Be2 Bxg3 18.
hxg3 Be6 19. Bf1 c4 20. Be2 Qb6 21. b3 h5 22. bxc4 Ng4 23. Bxg4 Qxf2+ 24. Kh2 Bxg4 25.
Qc1 e3 26. Nf1 e2 27. Ne3 Rf3 28. Nxg4 hxg4 29. Qd2 Qxg3+ 30. Kh1 Qh4+ 31. Kg1 Qf2+ 32. Kh1 Rf5 33. Qxd5+ Rxd5 34. cxd5 Re8 35. c4 Re5 0-1

[Event "Early-Titled-Tuesday-Blitz-May-28-2024"]
[Site "Chess.com"]
[Date "2024.05.28"]
[Round "8"]
[White "Grebnev_A"]
[Black "Matols"]
[Result "1-0"]
[WhiteElo "2547"]
[BlackElo "2383"]
[TimeControl "180+1"]
[EndTime "9:28:43 PDT"]
[Termination "Grebnev_A won by checkmate"]

1. c4 e6 2. Nf3 d5 3. g3 Nf6 4. Bg2 Be7 5. O-O O-O 6. b3 c5 7.
cxd5 Nxd5 8. d4 cxd4 9. Nxd4 Bd7 10. Bb2 Nc6 11. Na3 Nxd4 12. Qxd4 Bf6 13. Qd2 Bxb2 14. Qxb2 Bc6 15. Rfd1 Qe7 16. Nc4 Nb4 17. e4 Rfd8 18.
a3 Nd3 19. Qc2 Nc5 20. b4 Ba4 21. Rxd8+ Rxd8 22. Qc3 Rd3 23. Qb2 Nb3 24. Re1 Nd4 25. Ne5 Rb3 26. Qxd4 Rxa3 27. Qxa7 g6 28. Qd4 Ra2 29.
Ng4 h5 30. Nf6+ Kf8 31. Nh7+ Kg8 32. Nf6+ Kf8 33. e5 Bc6 34. Bxc6 bxc6 35. Rd1 Kg7 36. Qd8 Qxd8 37. Rxd8 Rb2 38. Rc8 Rxb4 39. Rxc6 Rb5 40. f4 Rb2 41. Rc8 Ra2 42. h3 Rb2 43. g4 hxg4 44.
hxg4 g5 45. Rg8+ Kh6 46. fxg5# 1-0

[Event "Early-Titled-Tuesday-Blitz-May-28-2024"]
[Site "Chess.com"]
[Date "2024.05.28"]
[Round "8"]
[White "Iskusnyh"]
[Black "suyu28"]
[Result "1-0"]
[WhiteElo "2632"]
[BlackElo "2761"]
[TimeControl "180+1"]
[EndTime "9:28:45 PDT"]
[Termination "Iskusnyh won by resignation"]

1. d4 Nf6 2. c4 e6 3. g3 c5 4. Nf3 cxd4 5. Nxd4 d5 6. Bg2 e5 7. Nf3 d4 8. O-O Nc6 9. e3 Be7 10. exd4 exd4 11. Bf4 O-O 12. Ne5 Qb6 13. Re1 Be6 14. Nd2 Nxe5 15. Rxe5 a6 16. Qb3 Qxb3 17. Nxb3 Bd6 18. Rxe6 Bxf4 19. Rxf6 gxf6 20. gxf4 Rac8 21. Bf1 Rfd8 22. Bd3 Kf8 23. Nd2 h6 24. Kg2 Rc6 25. a4 Rb6 26. b3 a5 27. Kf3 Rc8 28.
Re1 Rc7 29. Re4 Rd7 30. f5 Rc6 31. Rh4 Kg7 32. Be4 Rc5 33. Bd5 Re7 34. Rxd4 Re1 35. Re4 Rd1 36. Ke2 Rh1 37. Re7 Rxh2 38. Rxf7+ Kh8 39.
Rxf6 h5 40. Ne4 Rc8 41. Rh6+ Kg7 42. Rg6+ Kh8 43. f6 Kh7 44. Rg7+ Kh6 45. Nd6 1-0

[Event "Early-Titled-Tuesday-Blitz-May-28-2024"]
[Site "Chess.com"]
[Date "2024.05.28"]
[Round "8"]
[White "vugarrasulov"]
[Black "FGHSMN"]
[Result "0-1"]
[WhiteElo "2999"]
[BlackElo "2920"]
[TimeControl "180+1"]
[EndTime "9:28:47 PDT"]
[Termination "FGHSMN won by checkmate"]

1. e4 e5 2. Nf3 Nc6 3. Bb5 a6 4. Ba4 Nf6 5. Bxc6 dxc6 6. d3 Bd6 7.
Nbd2 Be6 8. b3 Qe7 9. Bb2 Nd7 10. Qe2 c5 11. Nc4 f6 12. a4 O-O-O 13. O-O-O Nb8 14. Kb1 Nc6 15. Qd2 Nd4 16. Nxd4 cxd4 17. Nxd6+ Qxd6 18. h4 b5 19. Qa5 Qc6 20. axb5 axb5 21. h5 Kb7 22. h6 g5 23. Qb4 Rhe8 24. g3 Qb6 25. f4 c5 26. Qd2 c4 27. dxc4 bxc4 28. bxc4 Bxc4 29. fxg5 Ra8 30. Kc1 Ra2 31. Bxd4 exd4 32. Qxd4 Qxd4 33. Rxd4 Ra1+ 34. Kb2 Rxh1 35. gxf6 Be6 36.
e5 Rxh6 37. Rd6 Rh5 38. g4 Rxe5 39. f7 Rf8 40. Rd8 Rxd8 41. c4 Bxf7 42. Kc3 Rc5 43. g5 Rxc4+ 44. Kb2 Rd2+ 45. Kb3 Rd3+ 46. Kb2 Rg4 47.
g6 Rg2+ 48. Ka1 Rd1# 0-1

[Event "Early-Titled-Tuesday-Blitz-May-28-2024"]
[Site "Chess.com"]
[Date "2024.05.28"]
[Round "8"]
[White "Viktor_Poddubnyi"]
[Black "rookpower2004"]
[Result "0-1"]
[WhiteElo "2309"]
[BlackElo "2491"]
[TimeControl "180+1"]
[EndTime "9:28:47 PDT"]
[Termination "rookpower2004 won on time"]

1. e4 e5 2. f4 exf4 3. Nf3 Ne7 4.
d4 Ng6 5. h4 h5 6. Bd3 Be7 7. O-O Bxh4 8. Nxh4 Qxh4 9. Nc3 d6 10.
Nd5 Bg4 11. Qd2 Qd8 12. Qc3 c6 13. Nxf4 Nxf4 14. Bxf4 O-O 15. Qb4 d5 16. Qxb7 dxe4 17. Qxa8 Qxd4+ 18. Kh1 exd3 19. cxd3 Qb6 20. Rac1 Bd7 21.
Rfe1 Na6 22. Be3 Rxa8 23. Bxb6 axb6 24. Re7 Rd8 25. a3 Nc5 26. b4 Ne6 0-1